Unix NetHack Version 5.0.0-0 post-release - last build Jun 10 2026 00:39:30 (3ee93aec679c4c4259841fe613dc97188e26a321,branch:main).

Game began 2026-06-24 21:35:53, ended 2026-06-24 21:47:25.

ARFwashere, neutral male human Archeologist

           ---------                     -----    ---------
           .^......|                     |...|    |.......|     ------
           |.......-########             |...|    |........#####-..<.|
           |...{...|   ##  #########     |...| ###........|     |....|
           ------|--          -----######|....##  |.......|     -....-#
                             --...--    #....|    ---------     ------#
                            --.....--    |...|                        #
                            |.......-#   ---.-                       ##
                            .......@|#                               #
                            |.......|#                               #
                            --.....--#                               #-----
                             --...-- #                               %|...|
                              -----  #----.--                        [-...|
                                     #-.....|                         |...|
                                      |.....|                         -----
                                      |.....|     #
                                      |(.....######
                                      -------

ARFwashere the Field Worker  St:16 Dx:11 Co:11 In:15 Wi:14 Ch:8  Neutral
Dlvl:2  $:430 HP:0(30) Pw:15(15) AC:8  Xp:4 T:1834  Blind

Latest messages:
 You kill the grid bug!
 You continue digging.
 You hit the rock with all your might.
 You succeed in cutting away some rock.
 $ - 53 gold pieces (415 in total).
 You kill the gas spore!
 Boom!
 You are caught in the gas spore's explosion!
 In what direction? <enter>
 You see no door there.
 You descend the stairs.
 You climb up the stairs.
 There's some graffiti on the floor here.
 You read: "You are ?ne onc nilliontn ?isitor to this pl??e!  Please wai? 20C turrs ?o? your v?nd o? wishir?."
 You see here an empty unlocked large box.
 Something is engraved here on the headstone.
 You read: "He died of the flux."
 You descend the stairs.
 You kill the dwarf!
 $ - 15 gold pieces (430 in total).
 x - a pair of hard shoes.
 y - a hooded cloak.
 You hear someone cursing shoplifters.
 You see here a large box.
 Hmmm, the large box turns out to be locked.
 In what direction? <space>
 Never mind.
 You see here a scroll of gold detection.
 z - a scroll of gold detection.
 What do you want to read? [ijstvz or ?*] z
 As you read the scroll, it disappears.
 You feel very greedy, and sense gold!
 (For instructions type a '?')
 Done.
 You climb up the stairs.
 Something is engraved here on the headstone.
 You read: "He died of the flux."
 You climb up the stairs.
 The hobbit zaps a wand of lightning!
 The bolt of lightning hits you!
 Your forked wand breaks apart and explodes!
 You are blinded by the flash!
 The bolt of lightning hits you!
 Your curved wand breaks apart and explodes!
 You die...
 Do you want your possessions identified? [ynq] (y) y
 Do you want to see your attributes? [ynq] (y) y
 Do you want an account of creatures vanquished? [ynaq] (y) y
 Do you want to see your conduct and achievements? [ynq] (y) y
 Do you want to see the dungeon overview? [ynq] (y) y

Inventory:
 Coins    ('$')
  $ - 430 gold pieces
 Weapons  (')')
  a - a +2 bullwhip
 Armor    ('[')
  k - an uncursed +0 orcish helm (being worn)
  x - an uncursed +0 pair of iron shoes
  y - an uncursed +0 dwarvish cloak
  b - an uncursed +0 leather jacket (being worn)
 Comestibles  ('%')
  d - 8 uncursed food rations
  l - an uncursed tripe ration
 Scrolls  ('?')
  j - a cursed scroll of destroy armor named cursed?
  s - an uncursed scroll of enchant weapon
  i - an uncursed scroll of teleportation
 Spellbooks  ('+')
  v - an uncursed spellbook of finger of death
  t - an uncursed spellbook of healing
 Potions  ('!')
  u - 2 uncursed potions of healing
 Rings    ('=')
  o - an uncursed ring of sustain ability
 Wands    ('/')
  r - a wand of lightning (0:7)
 Tools    ('(')
  h - an empty uncursed sack
  e - a +0 pick-axe (weapon in right hand)
  f - a tinning kit (0:49)
 Gems/Stones  ('*')
  m - an uncursed jasper stone
  g - an uncursed touchstone

ARFwashere the Archeologist's attributes:

Background:
 You were a Field Worker, a level 4 male human Archeologist.
 You were neutral, nominally on a mission for Camaxtli
 who was opposed by Quetzalcoatl (lawful) and Huhetotl (chaotic).
 You were right-handed.
 You were in the Dungeons of Doom, on level 2.
 You entered the dungeon 1834 turns ago.
 You had 101 experience points, 59 more were needed to attain level 5.

Basics:
 You had 0 out of 30 hit points.
 You had all 15 energy points (spell power).
 Your armor class was 8.
 Your wallet contained 430 zorkmids.
 Autopickup was on for '$' plus thrown.

Final Characteristics:
 Your strength was 16 (limit:18/100).
 Your dexterity was 11 (limit:18).
 Your constitution was 11 (limit:18).
 Your intelligence was 15 (limit:18).
 Your wisdom was 14 (limit:18).
 Your charisma was 8 (limit:18).

Final Status:
 You were temporarily blind.
 You weren't hungry.
 You were unencumbered.
 You were wielding a pick-axe.
 You had basic skill with pick-axe.

Final Attributes:
 You were devoutly aligned.
 You had automatic searching.
 You are dead.

Miscellaneous:
 You didn't encounter any bones levels.
 Total elapsed playing time was 11 minutes and 32 seconds.

Major events:
 Turn
    1: ARFwashere the neutral male human Archeologist entered the dungeon
  866: attained the rank of Field Worker (level 3)
 1834: killed by an exploding wand

You didn't know any spells.

Skills:
 Fighting Skills
   bare handed combat [Unskilled]
   two weapon combat  [Unskilled]
   riding             [Unskilled]
 Weapon Skills
   dagger             [Unskilled]
   knife              [Unskilled]
   pick-axe           [Basic]
   short sword        [Unskilled]
   saber              [Unskilled]
   club               [Unskilled]
   quarterstaff       [Unskilled]
   sling              [Unskilled]
   dart               [Unskilled]
   boomerang          [Unskilled]
   whip               [Basic]
   unicorn horn       [Unskilled]
 Spellcasting Skills
   attack spells      [Unskilled]
   healing spells     [Unskilled]
   divination spells  [Unskilled]
   matter spells      [Unskilled]

Voluntary challenges:
 Character rerolling was not enabled.
 You were an atheist.
 You never genocided any monsters.
 You never polymorphed an object.
 You never changed form.
 You used no wishes.
Achievements:
 You entered a shop.
 You attained the rank of Field Worker.

 The Dungeons of Doom: levels 1 to 4
    Level 1:
       A fountain.
    Level 2: <- You were here.
       A general store, a fountain.
       Final resting place for
          you, killed by an exploding wand.
    Level 3:
       A grave.
    Level 4:


Vanquished creatures:
  a dwarf
  a gas spore
  a hobbit
  a yellow mold
  2 gnomes
  a gnome zombie
  5 geckos
  a jackal
  a fox
  a kobold
  4 goblins
  a sewer rat
  a grid bug
  4 lichens
  5 newts
30 creatures vanquished.

No species were genocided or became extinct.

Game over:
                       ----------
                      /          \
                     /    REST    \
                    /      IN      \
                   /     PEACE      \
                  /                  \
                  |    ARFwashere    |
                  |      430 Au      |
                  |   killed by an   |
                  |  exploding wand  |
                  |                  |
                  |                  |
                  |       2026       |
                 *|     *  *  *      | *
        _________)/\\_//(\/(/\)/\//\/|_)_______

Goodbye ARFwashere the Archeologist...

You died in The Dungeons of Doom on dungeon level 2 with 941 points,
and 430 pieces of gold, after 1834 moves.
You were level 4 with a maximum of 30 hit points when you died.

